 Dungeon Crawl Stone Soup version 0.28-a0-1002-gf00fe891ef (webtiles) character file.

Game seed: 18312538069908897578

17068 Hipnos the Thaumaturge (level 12, -9/62 HPs)
             Began as a Deep Elf Ice Elementalist on Dec 6, 2021.
             Was an Elder of Vehumet.
             Mangled by a very large slime creature (26 damage)
             ... in an ice cave.
             The game lasted 00:30:44 (13295 turns).

Hipnos the Thaumaturge (Deep Elf Ice Elementalist) Turns: 13295, Time: 00:30:44

Health: -9/62      AC: 16    Str: 11    XL:     12   Next: 15%
Magic:  13/30      EV: 13    Int: 26    God:    Vehumet [****..]
Gold:   650        SH:  0    Dex: 15    Spells: 8/36 levels left

rFire   . . .      SeeInvis .   L - staff of conjuration
rCold   . . .      Faith    .   (no shield)
rNeg    . . .      Spirit   .   a - +0 robe
rPois   +          Reflect  .   (no helmet)
rElec   .          Harm     .   R - +1 cloak
rCorr   .          Rampage  .   v - +0 pair of gloves
Will    +....                   P - +0 pair of boots
Stlth   ++........              h - amulet of magic regeneration
HPRegen 0.20/turn               i - ring of poison resistance
MPRegen 0.62/turn               F - +6 ring of strength

@: ice-armoured, freezing walls
A: no striking features
a: Renounce Religion


You were in an ice cave.
You worshipped Vehumet.
Vehumet was greatly pleased with you.
You visited 3 branches of the dungeon, and saw 13 of its levels.
You also visited: Sewer and Ice Cave.

You collected 717 gold pieces.
You spent 67 gold pieces at shops.

Inventory:

Hand Weapons
 c - a +0 short sword
 n - a +4 quarterstaff of chaos
 s - a +2 dagger of freezing
 t - a +2 flail of protection
Missiles
 m - a throwing net
Armour
 a - a +0 robe (worn)
 o - a +0 cloak
 v - a +0 pair of gloves (worn)
 P - a +0 pair of boots (worn)
 R - a +1 cloak (worn)
 V - the +2 scale mail of the Kangaroo {rC- Int+10}
   (You found it on level 10 of the Dungeon)

   Int:       It affects your intelligence (+10).
   rC:        It makes you vulnerable to cold.
Magical Staves
 L - a staff of conjuration (weapon)
Jewellery
 h - an amulet of magic regeneration (around neck)
 i - a ring of poison resistance (left hand)
 k - an amulet of guardian spirit
 F - a +6 ring of strength (right hand)
 I - a +6 ring of strength
 S - a +6 ring of strength
 W - an amulet of reflection
Wands
 p - a wand of polymorph (18)
 q - a wand of charming (18)
 u - a wand of flame (18)
 K - a wand of paralysis (19)
 M - a wand of iceblast (8)
Scrolls
 b - a scroll of torment
 d - 3 scrolls of immolation
 e - a scroll of holy word
 g - 3 scrolls of brand weapon
 j - 6 scrolls of enchant weapon
 l - 2 scrolls of amnesia
 r - 2 scrolls of enchant armour
 w - 2 scrolls of vulnerability
 y - a scroll of acquirement
 E - 4 scrolls of teleportation
 H - 4 scrolls of magic mapping
 J - 2 scrolls of fear {unknown}
 O - 2 scrolls of noise {unknown}
 Y - a scroll of summoning {unknown}
Potions
 x - 3 potions of attraction {unknown}
 z - 4 potions of haste {unknown}
 A - 3 potions of magic
 B - 2 potions of mutation {unknown}
 C - a potion of experience {unknown}
 D - 4 potions of invisibility {unknown}
 G - a potion of flight
 N - 3 potions of heal wounds
 Q - 2 potions of might
 T - a potion of ambrosia {unknown}
 U - a potion of degeneration {unknown}


   Skills:
 + Level 1.9 Fighting
 - Level 1.5 Short Blades
 + Level 2.8 Staves
 + Level 4.3 Dodging
 - Level 2.4 Stealth
 + Level 12.8 Spellcasting
 * Level 11.4 Conjurations
 + Level 0.6 Hexes
 * Level 11.2 Ice Magic
 * Level 10.0 Earth Magic


You had 8 spell levels left.
You knew the following spells:

 Your Spells              Type           Power      Damage    Failure   Level
a - Freeze                Ice            100%       1d11      1%          1
b - Frozen Ramparts       Ice            100%       1d12      1%          3
c - Ozocubu's Armour      Ice            66%        N/A       1%          3
d - Stone Arrow           Conj/Erth      100%       3d13      1%          3
e - Hailstorm             Conj/Ice       85%        3d17      1%          4
f - Fulminant Prism       Conj/Hex       32%        3d16      1%          4
g - Lee's Rapid Deconstr  Erth           31%        3d17*     1%          5
h - Borgnjor's Vile Clut  Necr/Erth      21%        N/A       12%         5

Your spell library contained the following spells:

 Spells                   Type           Power      Damage    Failure   Level
 Mephitic Cloud           Conj/Pois/Air  53%        N/A       1%          3
 Static Discharge         Conj/Air       63%        N/A       1%          2
 Iskenderun's Mystic Bla  Conj/Tloc      63%        2d13      1%          4
 Inner Flame              Hex/Fire       18%        N/A       2%          3
 Apportation              Tloc           32%        N/A       3%          1
 Cause Fear               Hex            10%        N/A       26%         4
 Animate Dead             Necr           8%         N/A       34%         4
 Alistair's Intoxication  Tmut/Pois      10%        N/A       67%         5
 Summon Forest            Summ/Tloc      8%         N/A       67%         5
 Eringya's Noxious Bog    Tmut/Pois      8%         N/A       75%         6
 Death Channel            Necr           8%         N/A       99%         6
 Summon Hydra             Summ           8%         N/A       100%        7
 Discord                  Hex            10%        N/A       100%        8
 Shatter                  Erth           31%        3d25*     100%        9


Dungeon Overview and Level Annotations

Branches:
Dungeon (11/15)            Temple (1/1) D:6            Lair (0/6) D:8
    Orc (1/2) D:9           Sewer (visited)           IceCv (1/1)

Altars:
Ashenzari
Cheibriados
Dithmenos
Elyvilon
Fedhas
Gozag
Hepliaklqana
Kikubaaqudgha
Makhleb
Nemelex Xobeh
Okawaru
Qazlal
Ru
Sif Muna
Trog
Uskayaw
Vehumet
Wu Jian
Xom
Yredelemnul
Zin
The Shining One

Shops:
D:8 [   D:9 (


Message History

Your fulminant prism explodes!
The blast of energy engulfs the entropy weaver simulacrum!!!
The entropy weaver simulacrum vaporises!
Vehumet accepts your kill.
You feel your power returning.
The blast of energy engulfs the very large slime creature!
The very large slime creature is moderately wounded.
The blast of energy engulfs the slime creature!!
You kill the slime creature!
Vehumet accepts your kill.
Your Earth Magic skill increases to level 10!
Casting: Freeze (safe; 1% risk of failure)
Confirm with . or Enter, or press ? or * to list all spells.
Aiming: Stone Arrow (safe; 1% risk of failure)
Press: ? - help, Shift-Dir - straight line, f/p - very large slime creature
Aim: a very large slime creature (moderately wounded, 95% to hit)
You feel a surge of power!
The stone arrow hits the very large slime creature!!
The very large slime creature is moderately wounded.
Unknown command.
Casting: Stone Arrow (safe; 1% risk of failure)
Confirm with . or Enter, or press ? or * to list all spells.
Aiming: Stone Arrow (safe; 1% risk of failure)
Press: ? - help, Shift-Dir - straight line, f/p - very large slime creature
Aim: a very large slime creature (moderately wounded, 95% to hit)
You feel a surge of power!
The stone arrow hits the very large slime creature!!
The very large slime creature is heavily wounded.
A slime creature comes into view.
Casting: Stone Arrow (safe; 1% risk of failure)
Confirm with . or Enter, or press ? or * to list all spells.
Aiming: Stone Arrow (safe; 1% risk of failure)
Press: ? - help, Shift-Dir - straight line, f/p - very large slime creature
Aim: a very large slime creature (heavily wounded, 95% to hit)
You feel a surge of power!
The stone arrow hits the very large slime creature!!
The very large slime creature is severely wounded.
The wall freezes the very large slime creature.
The very large slime creature hits you!!
You die...

#.# ##..#
.J.. #..
...## #..
...## ..##
○..# #..#
#J.# #..#
### #@.##
#.####.##
##..#
#..##...#
#..#
#.....∩∩#
##..#
#..##...#
#...#
##.####.##
###..##
#..# ###
#....#
#..#
#...##
##.##
#...# #..#


You could see a very large slime creature and a slime creature.

Vanquished Creatures
  Erica (D:8)
  2 two-headed ogres (D:10)
  Pikel (D:7)
  An orc knight (Orc:1)
  A manticore (D:11)
  A cyclops (D:11)
  An ugly thing (D:10)
  Maurice (D:9)
  Joseph (D:7)
  An ice statue (IceCv)
  An entropy weaver simulacrum (IceCv)
  A tengu conjurer (D:10)
  A troll (D:11)
  3 hornets
  6 slime creatures (IceCv)
  Grinder (D:5)
  Prince Ribbit (D:5)
  A centaur simulacrum (D:10)
  2 shadows
  A wraith (D:11)
  A wyvern (D:8)
  3 yaks (D:10)
  3 steam dragons
  Eustachio (D:4)
  4 vampire mosquitoes
  3 wargs
  A water moccasin (D:3)
  13 orc warriors
  4 sky beasts
  2 hornet zombies
  An ugly thing simulacrum (IceCv)
  An ice beast (D:7)
  4 necrophages
  6 ogres
  2 centaurs
  A lemure (D:7)
  2 phantoms (D:5)
  A kobold brigand (D:9)
  2 bullfrogs (D:7)
  A gnoll sergeant (D:10)
  11 wights
  5 howler monkeys
  9 centaur zombies
  3 hounds
  A gnoll shaman (D:4)
  A human zombie (D:9)
  Crazy Yiuf (D:2)
  15 orc priests
  Jessica (D:2)
  Terence (D:2)
  Natasha (thrice) (D:4)
  16 orc wizards
  A killer bee zombie (D:8)
  A hound zombie (D:5)
  A hound skeleton (D:4)
  2 mummies (D:9)
  2 howler monkey zombies
  Robin (D:3)
  4 gnolls (D:4)
  A howler monkey skeleton (D:7)
  5 adders
  5 river rats (Sewer)
  A shadow imp (D:5)
  2 white imps
  An ufetubus (D:5)
  A worm (D:4)
  3 dart slugs
  55 orcs
  11 ball pythons
  5 bats
  6 endoplasms
  2 giant cockroaches
  10 goblins
  5 hobgoblins
  3 jackals (D:3)
  5 quokkas
  10 frilled lizards
  14 kobolds
  32 rats
  2 fulminant prisms (Orc:1)
343 creatures vanquished.

Vanquished Creatures (others)
  14 fulminant prisms
14 creatures vanquished.

Grand Total: 357 creatures vanquished

Notes
Turn   | Place    | Note
-------+----------+-------------------------------------------
     0 | D:1      | Hipnos the Deep Elf Ice Elementalist began the quest for
                  | the Orb.
     0 | D:1      | Reached XP level 1. HP: 10/10 MP: 6/6
   217 | D:1      | Reached XP level 2. HP: 15/15 MP: 4/8
   404 | D:1      | Reached skill level 5 in Ice Magic
   432 | D:1      | Found a faded altar of an unknown god.
   901 | D:2      | Reached XP level 3. HP: 16/19 MP: 7/9
   905 | D:2      | Learned a level 3 spell: Frozen Ramparts
   909 | D:2      | Learned a level 3 spell: Ozocubu's Armour
   961 | D:2      | Noticed Jessica
   989 | D:2      | Killed Jessica
  1171 | D:2      | Got the Almanac of Earth and Air
  1251 | D:2      | Reached XP level 4. HP: 24/24 MP: 7/11
  1363 | D:2      | Learned a level 3 spell: Stone Arrow
  1902 | D:2      | Found a runed translucent door.
  1903 | D:2      | Noticed Crazy Yiuf
  1946 | D:2      | Reached skill level 4 in Spellcasting
  2280 | D:2      | Noticed Terence
  2287 | D:2      | Killed Terence
  2288 | D:2      | Reached skill level 1 in Short Blades
  2423 | D:2      | Killed Crazy Yiuf
  2424 | D:2      | Reached XP level 5. HP: 28/28 MP: 5/13
  2619 | D:3      | Noticed Robin
  2628 | D:3      | Killed Robin
  2641 | D:3      | Reached skill level 1 in Conjurations
  2657 | D:3      | Noticed a water moccasin
  2663 | D:3      | Killed a water moccasin
  2664 | D:3      | Reached skill level 5 in Spellcasting
  2664 | D:3      | Reached skill level 1 in Earth Magic
  2664 | D:3      | Reached XP level 6. HP: 22/32 MP: 1/15
  3273 | D:4      | Noticed Eustachio
  3280 | D:4      | Killed Eustachio
  3281 | D:4      | Reached skill level 1 in Staves
  3281 | D:4      | Reached XP level 7. HP: 37/37 MP: 11/17
  3287 | D:4      | Found a burning altar of Makhleb.
  3409 | D:4      | Reached skill level 6 in Spellcasting
  3494 | D:4      | Found a glowing drain.
  3510 | Sewer    | Entered a sewer
  4162 | D:4      | Noticed Natasha
  4179 | D:4      | Killed Natasha
  4353 | D:4      | Noticed Natasha
  4359 | D:4      | Killed Natasha
  4420 | D:4      | Noticed Natasha
  4425 | D:4      | Killed Natasha
  4426 | D:4      | Reached XP level 8. HP: 40/42 MP: 16/19
  4533 | D:5      | Entered Level 5 of the Dungeon
  4831 | D:5      | Identified the +5 chain mail of Quffed {Dex+4 Slay+3}
  4841 | D:5      | Reached skill level 1 in Fighting
  5023 | D:5      | Reached skill level 7 in Spellcasting
  5300 | D:5      | Noticed Grinder
  5302 | D:5      | Killed Grinder
  5535 | D:5      | Noticed Prince Ribbit
  5539 | D:5      | Killed Prince Ribbit
  5624 | D:5      | Reached XP level 9. HP: 47/47 MP: 16/22
  6060 | D:6      | Reached skill level 8 in Spellcasting
  6486 | D:6      | Found a staircase to the Ecumenical Temple.
  6497 | Temple   | Entered the Ecumenical Temple
  6573 | Temple   | Became a worshipper of Vehumet
  6606 | D:6      | Reached skill level 5 in Conjurations
  6825 | D:6      | Reached skill level 5 in Earth Magic
  7225 | D:7      | Noticed Joseph
  7231 | D:7      | Killed Joseph
  7554 | D:7      | Found a sparkling altar of Nemelex Xobeh.
  7574 | D:7      | Reached skill level 9 in Spellcasting
  7689 | D:7      | Noticed Pikel
  7698 | D:7      | Killed Pikel
  7699 | D:7      | Reached XP level 10. HP: 52/52 MP: 5/25
  7766 | D:7      | Found an ornate altar of the Wu Jian Council.
  7776 | D:7      | Reached * piety under Vehumet
  7776 | D:7      | Offered knowledge of Sandblast by Vehumet.
  8152 | D:8      | Found a shadowy altar of Dithmenos.
  8433 | D:8      | Found Macon's Armour Shop.
  8439 | D:8      | Bought a +0 pair of boots for 67 gold pieces
  8450 | D:8      | Noticed Erica
  8455 | D:8      | Killed Erica
  8456 | D:8      | Reached skill level 10 in Spellcasting
  8520 | D:8      | Found a staircase to the Lair.
  8656 | D:8      | Reached skill level 10 in Ice Magic
  8754 | D:9      | Reached ** piety under Vehumet
  8754 | D:9      | Offered knowledge of Foxfire by Vehumet.
  8869 | D:9      | Found Uluqucs's Weapon Shop.
  8940 | D:9      | Found a staircase to the Orcish Mines.
  9268 | D:9      | Noticed Maurice
  9275 | D:9      | Killed Maurice
  9509 | D:9      | Offered knowledge of Conjure Flame by Vehumet.
  9763 | D:9      | Reached XP level 11. HP: 56/56 MP: 25/27
  9777 | D:9      | Found an ancient bone altar of Kikubaaqudgha.
  9780 | D:9      | Reached skill level 11 in Spellcasting
  9845 | D:10     | Entered Level 10 of the Dungeon
  9845 | D:10     | Found an opulent altar of Gozag.
  9845 | D:10     | Found a basalt altar of Yredelemnul.
  9878 | D:10     | Noticed a two-headed ogre
  9881 | D:10     | Killed a two-headed ogre
 10046 | D:10     | Reached *** piety under Vehumet
 10469 | D:10     | Found a sacrificial altar of Ru.
 10642 | D:10     | Reached skill level 10 in Conjurations
 10784 | D:10     | Noticed a two-headed ogre
 10789 | D:10     | Killed a two-headed ogre
 11124 | D:10     | Noticed a white ugly thing
 11130 | D:10     | Killed a white ugly thing
 11149 | D:10     | Identified the +2 scale mail of the Kangaroo {rC- Int+10}
 11460 | D:11     | Offered knowledge of Flame Wave by Vehumet.
 11574 | D:11     | Reached skill level 12 in Spellcasting
 12113 | D:11     | Learned a level 4 spell: Hailstorm
 12118 | D:11     | Learned a level 4 spell: Fulminant Prism
 12124 | D:11     | Learned a level 5 spell: Lee's Rapid Deconstruction
 12130 | D:11     | Learned a level 5 spell: Borgnjor's Vile Clutch
 12187 | Orc:1    | Entered Level 1 of the Orcish Mines
 12208 | Orc:1    | Reached **** piety under Vehumet
 12213 | Orc:1    | Noticed an orc knight
 12498 | Orc:1    | Killed an orc knight
 12498 | Orc:1    | Offered knowledge of Mephitic Cloud by Vehumet.
 12672 | Orc:1    | Identified a scroll of acquirement
 12696 | Orc:1    | Found a frozen archway.
 12705 | IceCv    | Entered an ice cave
 12789 | IceCv    | Reached XP level 12. HP: 62/62 MP: 22/30
 13293 | IceCv    | Reached skill level 10 in Earth Magic
 13295 | IceCv    | Mangled by a very large slime creature

Illustrated notes

Levels and vault maps discovered:
D:1:      saegor_arrival_simple_c, layout_basic,
          ebering_ecumenical_altar_abandoned
D:2:      layout_basic, serial_aquarium, aquarium_bridge_long_joined
          [aquarium_subvault_balcony, aquarium_subvault_bridge,
          aquarium_subvault_bridge, aquarium_subvault_window,
          aquarium_subvault_balcony, aquarium_subvault_window],
          aquarium_window_1, aquarium_window_1, aquarium_window_fake,
          aquarium_window_1, aquarium_view_2b, aquarium_view_2d,
          aquarium_pool_double, hex_intersection, uniq_terence,
          uniq_crazy_yiuf_cottage, uniq_jessica
D:3:      layout_basic, minmay_rat_hole, uniq_robin
D:4:      layout_rooms, mainiacjoe_overflow_alcove_1,
          cheibrodos_sewer_entry_bend, kennysheep_decorative_pillar,
          saegor_snake_ambush, uniq_eustachio, uniq_natasha
D:5:      layout_basic, kennysheep_nub, uniq_prince_ribbit1, uniq_grinder
D:6:      layout_gridville, minmay_temple_entry_hall
D:7:      layout_loops_ring, nicolae_overflow_hidden_temple, lemuel_tele_altar,
          kennysheep_generic_room_8, uniq_joseph, uniq_pikel
D:8:      layout_gridville, mainiacjoe_overflow_cross_hatched,
          dpeg_oklobed_lair, serial_shops, kennysheep_little_box, uniq_erica
D:9:      layout_basic, lemuel_mausoleum_altar_kikubaaqudgha,
          minmay_orc_entry_guard_dogs, serial_shops,
          nicolae_shop_bloodbath_and_beyond, eino_small_chamber_without_monster,
          uniq_maurice
D:10:     minmay_slanted_spiral_squares, layout_gridville,
          chequers_temple_overflow_statue_of_worship,
          nicolae_ru_sacrificial_ziggurat, kennysheep_path_1,
          small_statue_intersection, kennysheep_generic_room_14
D:11:     layout_loops_cross
Temple:   eino_temple_water
Orc:1:    layout_caves, portal_ice_cave_entry_pillars_1
IceCv:    ice_cave_hellmonk_azure_passage

Skill      XL: |  1  2  3  4  5  6  7  8  9 10 11 12 |
---------------+-------------------------------------+-----
Ice Magic      | 5 6 7 8 9 10 11 | 11.2
Spellcasting   | 4 5 6 7 9 10 12 | 12.8
Short Blades   | 1 |  1.5
Conjurations   | 1 2 3 4 7 9 11 | 11.4
Earth Magic    | 1 2 4 6 8 9 10 | 10.0
Staves         | 1 2 |  2.8
Dodging        | 3 4 |  4.3
Fighting       | 1 |  1.9
Stealth        | |  2.4
Hexes          | |  0.6

Action                   |  1- 3 |  4- 6 |  7- 9 | 10-12 || total
-------------------------+-------+-------+-------+-------++-------
Melee: Unarmed           |     5 |       |       |       ||     5
       Short sword       |     8 |     7 |       |       ||    15
       Quarterstaff      |       |    33 |    43 |       ||    76
       Staff             |       |       |       |    23 ||    23
 Cast: Freeze            |    37 |    36 |    12 |     2 ||    87
       Frozen Ramparts   |     1 |     9 |    23 |    14 ||    47
       Ozocubu's Armour  |       |     6 |     8 |    10 ||    24
       Stone Arrow       |       |       |    77 |   228 ||   305
       Fulminant Prism   |       |       |       |    16 ||    16
       Hailstorm         |       |       |       |     1 ||     1
  Use: Scroll            |       |     1 |       |    12 ||    13
       Potion            |       |       |     3 |     3 ||     6
 Stab: Sleeping          |     1 |     1 |       |       ||     2
Armor: Robe              |    11 |    12 |    21 |    40 ||    84
Dodge: Dodged            |    19 |    43 |    50 |    83 ||   195

Table legend: (Time is in decaauts)
 A = Elapsed time spent in this place.
 B = Non-inter-level travel time spent in this place.
 C = Inter-level travel time spent in this place.
 D = Time resting spent in this place.
 E = Time spent auto-exploring this place.
 F = Levels seen in this place.
 G = Mean time per level.
                   A        B        C        D        E       F      G
               +--------+--------+--------+--------+--------+-----+--------+
         Total |  13426 |  13073 |    353 |      6 |  11064 |  15 |  895.1 |
       Dungeon |  11882 |  11548 |    334 |      3 |   9905 |  11 | 1080.2 |
        Temple |     95 |     76 |     19 |      0 |     54 |   1 |   95.0 |
  Orcish Mines |    244 |    244 |      0 |      0 |    152 |   1 |  244.0 |
         Sewer |    613 |    613 |      0 |      3 |    422 |   1 |  613.0 |
      Ice Cave |    590 |    590 |      0 |      0 |    531 |   1 |  590.0 |
               +--------+--------+--------+--------+--------+-----+--------+

Top non-repeatable levels by time:
     D:2: 1609 daAuts
     D:5: 1526 daAuts
     D:9: 1398 daAuts
    D:10: 1387 daAuts
     D:6: 959 daAuts
    D:11: 931 daAuts
     D:1: 895 daAuts
     D:4: 863 daAuts
     D:7: 822 daAuts
     D:8: 811 daAuts
     D:3: 675 daAuts
   Sewer: 613 daAuts
   IceCv: 590 daAuts
   Orc:1: 244 daAuts
  Temple: 95 daAuts
